AoeStats
← rusolli

Arena

509348094Analyzed
2v2 RM · 6d ago on Sep 26, 2026· 37m 19s· 4 players
Game mode
Random Map
Map size
Medium (4 player)
Population
200
Speed
Normal
Resources
Standard
Victory
Conquest
Starting age
Dark Age
Ending age
Imperial Age
RankedLock teamsTeams togetherTeam positionsShared explorationLock speedFull tech treeHidden civsTurbo modeCheats
Victory
Defeat
🇺🇸 Saxons · United States
1227
+12
🇩🇪 Turks · Germany
1156
+15
🇳🇴 Magyars · Norway
1162
-15
🇳🇴 Varangians · Norway
1107
-12
Haggybaer
10:54 Feudal Age
12:01 Loom
15:17 Castle Age
13:28 Horse Collar
13:50 Double-Bit Axe
15:58 Heavy Plow
16:09 Bow Saw
18:15 Gold Mining
23:55 Wheelbarrow
24:19 Town Watch
26:25 Hand Cart
30:58 Imperial Age
31:37 Bloodlines
31:32 Husbandry
32:32 Squires
33:04 Conscription
33:26 Elite Janissary
35:40 Artillery
Lord Jabu-Jabu
10:42 Feudal Age
11:45 Loom
11:47 Double-Bit Axe
15:33 Castle Age
14:51 Horse Collar
19:03 Scale Mail Armor
20:52 Forging
27:32 Bow Saw
27:24 Heavy Plow
28:08 Pikeman
29:45 Arson
31:48 Iron Casting
32:25 Wheelbarrow
31:36 Town Watch
32:05 Stone Mining
32:28 Gold Mining
33:33 Hand Cart
36:13 Gold Shaft Mining
40:26 Imperial Age
langotriel
10:35 Feudal Age
14:49 Castle Age
12:31 Horse Collar
14:27 Double-Bit Axe
19:55 Loom
22:21 Wheelbarrow
23:05 Bow Saw
23:54 Heavy Plow
24:50 Scale Barding Armor
25:23 Hand Cart
25:23 Bloodlines
25:14 Husbandry
25:07 Light Cavalry
34:39 Imperial Age
32:31 Man-at-Arms
33:11 Gold Mining
34:16 Chain Barding Armor
34:45 Hussar
35:43 Arson
35:20 Long Swordsman
rusolli
11:26 Feudal Age
15:56 Castle Age
14:09 Double-Bit Axe
14:05 Horse Collar
16:01 Fletching
17:37 Bow Saw
18:22 Bodkin Arrow
19:06 Padded Archer Armor
20:59 Gold Mining
21:55 Leather Archer Armor
Connection lost

Rejoining the realm…

Still unreachable

The connection could not be restored.

Session expired

The server has moved on; the page needs a fresh start.